 Dungeon Crawl Stone Soup version 0.28.0-45-g0d030f2227 (webtiles) character file.

Game seed: 9130290521351643091

9 Kziril the Skirmisher (level 2, 17/17 HPs)
             Began as a Gargoyle Fighter on Apr 18, 2022.
             Was a Follower of Hepliaklqana.
             Quit the game on level 1 of the Dungeon.
             The game lasted 00:02:39 (140 turns).

Kziril the Skirmisher (Gargoyle Fighter)             Turns: 140, Time: 00:02:40

Health: 17/17      AC:  9    Str: 19    XL:     2   Next: 12%
Magic:  2/2        EV:  9    Int:  8    God:    Hepliaklqana [*.....]
Gold:   0          SH:  4    Dex:  9    Spells: 1/1 levels left

rFire   . . .      SeeInvis .   a - +0 flail
rCold   . . .      Faith    .   c - +0 buckler
rNeg    + . .      Spirit   .   b - +0 scale mail
rPois   ∞          Reflect  .   (no helmet)
rElec   +          Harm     .   (no cloak)
rCorr   .          Rampage  .   (no gloves)
Will    .....                   (no boots)
Stlth   ..........              f - amulet of magic regeneration
HPRegen 0.05/turn               (no ring)
MPRegen 0.48/turn               (no ring)

@: no status effects
A: reduced essence, sickness immunity, AC +2, negative energy resistance 1,
electricity resistance, torment resistance 1, petrification resistance
a: Renounce Religion, Recall Ancestor, Ancestor Identity


You were on level 1 of the Dungeon.
You worshipped Hepliaklqana.
Hepliaklqana was aware of your devotion.
You visited 1 branch of the dungeon, and saw 2 of its levels.

Inventory:

Hand Weapons
 a - a +0 flail (weapon)
Armour
 b - a +0 scale mail (worn)
 c - a +0 buckler (worn)
Jewellery
 f - an amulet of magic regeneration (around neck)
Scrolls
 e - a scroll of immolation {unknown}
Potions
 d - a potion of might


   Skills:
 + Level 3.4 Fighting
 + Level 2.2 Maces & Flails
 + Level 3.4 Armour
 + Level 3.4 Shields


You had one spell level left.
You didn't know any spells.
Your spell library contained the following spells:

 Spells                   Type           Power      Damage    Failure   Level
 Gell's Gravitas          Tloc           0%         N/A       99%         3
 Teleport Other           Tloc           0%         N/A       99%         3
 Dispersal                Tloc           0%         N/A       100%        6


Dungeon Overview and Level Annotations

Branches:
Dungeon (2/15)

Altars:
Hepliaklqana


Innate Abilities, Weirdness & Mutations

Your life essence is reduced to manifest your ancestor. (-10% HP)
You are immune to sickness and miasma.
Your stone body is resilient. (AC +2)
You are immune to poison.
You resist negative energy. (rN+)
You are resistant to electric shocks. (rElec)
You are resistant to unholy torment.
You are immune to petrification.


Message History

You are frozen.
You sock the endoplasm!
You kill the endoplasm!
The quokka bites you but does no damage.
You sock the quokka!
You kill the quokka!
You have reached level 2!
You see here a quokka corpse.
HP restored.
Found 27 arrows.
e - a scroll labelled KEAMA KEI A quokka comes into view.
Found a thick pearl amulet.
You hit the quokka.
The quokka is heavily wounded.
The quokka bites you but does no damage.
You hit the quokka.
You kill the quokka!
Found 2 large rocks.
Found a stone staircase leading down.
f - an amulet of magic regeneration
There is a stone staircase leading down here.
You climb downwards.
There is a stone staircase leading up here.
You climb upwards.
There is a stone staircase leading down here.
Hori emerges from the mists of memory!
Found a There-And-Back Book.
You pick up a There-And-Back Book and begin reading...
You add the spells Gell's Gravitas, Teleport Other and Dispersal to your library.
You start putting on your amulet.
You continue putting on your amulet of magic regeneration. x5
You finish putting on your amulet of magic regeneration.
f - an amulet of magic regeneration (around neck)
Okay, then.
Okay, then.
Okay, then.
Okay, then.
Okay, then.
Are you sure you want to abandon this character and quit the game? (Confirm with "yes".)

#. #. .# ###.
..## ... .....
#.. ...
#..###.#######
#.#..........
#.@..........
##R..........
#...........
#...........
#...........
#...........
#.##.##.....
#.##.# .....
#.##.# ...


You could see the friendly Hori the ancestor.

Vanquished Creatures
  An endoplasm (D:1)
  3 giant cockroaches (D:1)
  2 quokkas (D:1)
  A frilled lizard (D:1)
7 creatures vanquished.

Vanquished Creatures (others)
  An ancestor (D:1)
1 creature vanquished.

Grand Total: 8 creatures vanquished

Notes
Turn   | Place    | Note
-------+----------+-------------------------------------------
     0 | D:1      | Kziril the Gargoyle Fighter began the quest for the Orb.
     0 | D:1      | Reached XP level 1. HP: 14/14 MP: 1/1
    28 | D:1      | Found a faded altar of an unknown god.
    51 | D:1      | Prayed at the altar of an unknown god.
    51 | D:1      | Became a worshipper of Hepliaklqana the Forgotten
    51 | D:1      | Reached * piety under Hepliaklqana
    68 | D:1      | Reached XP level 2. HP: 16/17 MP: 2/2
   140 | D:1      | Quit the game

Illustrated notes

Levels and vault maps discovered:
D:1:      dpeg_arrival_fog, layout_basic,
          chequers_ecumenical_altar_simple_redux, serial_park_tiny_2,
          minmay_close_crescents
D:2:      cheibrodos_old_hovel, layout_basic

Action                   || total
-------------------------++-------
Melee: Flail             ||    15
Armor: Scale mail        ||    10
Dodge: Dodged            ||     2
Block: Buckler           ||     2
